 Dungeon Crawl Stone Soup version 0.26-a0-466-g989023bd0d (webtiles) character file.

Game seed: 15011969421752458834

3103 Gargoyl the Fighter (level 9, -4/74 HPs)
             Began as a Gnoll Abyssal Knight on July 30, 2020.
             Was a Priest of Lugonu.
             Slain by Harold
             ... wielding a +2 mace of draining
              (10 damage)
             ... on level 7 of the Dungeon.
             The game lasted 00:10:58 (9244 turns).

Gargoyl the Fighter (Gnoll Abyssal Knight)          Turns: 9244, Time: 00:10:59

Health: -4/74      AC: 10    Str: 16    XL:     9   Next: 90%
Magic:  13/16      EV: 12    Int: 14    God:    Lugonu [***...]
Gold:   323        SH:  5    Dex: 17    Spells: 17/17 levels left

rFire    + . .     SeeInvis .   i - +1 hand axe (freeze)
rCold    + . .     Faith    .   j - +0 buckler
rNeg     + . .     Spirit   .   s - +1 chain mail
rPois    +         Reflect  .   (no helmet)
rElec    +         Harm     .   m - scarf {repulsion}
rCorr    +                      (no gloves)
MR       .....                  (no boots)
Stlth    ..........             p - amulet of magic regeneration
HPRegen  0.22/turn              g - ring of positive energy
MPRegen  0.40/turn              d - +4 ring of evasion

@: resistant, marked, studying Dodging, heavily drained, repel missiles
A: distributed training, fangs 1, strong nose
a: Depart the Abyss, Bend Space, Banish, Renounce Religion


You were on level 7 of the Dungeon.
You worshipped Lugonu.
Lugonu was most pleased with you.
You visited 1 branch of the dungeon, and saw 7 of its levels.
You visited the Abyss 1 time.

You collected 323 gold pieces.

Inventory:

Hand Weapons
 a - a +2 hand axe
 b - a +0 war axe
 i - a +1 hand axe of freezing (weapon)
Armour
 j - a +0 buckler (worn)
 m - a scarf of repulsion (worn)
 s - a +1 chain mail (worn)
Jewellery
 d - a +4 ring of evasion (right hand)
 g - a ring of positive energy (left hand)
 p - an amulet of magic regeneration (around neck)
 q - a cursed ring of teleportation {unknown}
 v - an uncursed ring of stealth {unknown}
Wands
 n - a wand of iceblast (7)
Scrolls
 h - 2 scrolls of identify
 r - a scroll of remove curse
 t - 2 scrolls of enchant armour
 u - 2 scrolls of fog
 y - a scroll of fear
Potions
 c - a potion of stabbing
 e - a potion of curing
 f - a potion of flight
 l - 3 potions of brilliance
Books
 o - a manual of Dodging


   Skills:
 + Level 8.1(5.3) Fighting
 + Level 4.7(2.0) Short Blades
 + Level 4.7(2.0) Long Blades
 + Level 6.6(3.8) Axes
 + Level 4.7(2.0) Maces & Flails
 + Level 4.7(2.0) Polearms
 + Level 4.7(2.0) Staves
 + Level 4.7(2.0) Slings
 + Level 4.7(2.0) Bows
 + Level 4.7(2.0) Crossbows
 + Level 4.7(2.0) Throwing
 + Level 6.6(3.8) Armour
 + Level 6.7(3.9) Dodging
 + Level 4.7(2.0) Stealth
 + Level 4.7(2.0) Shields
 + Level 4.7(2.0) Unarmed Combat
 + Level 4.7(2.0) Spellcasting
 + Level 3.9(1.3) Conjurations
 + Level 3.9(1.3) Hexes
 + Level 3.9(1.3) Summonings
 + Level 3.9(1.3) Necromancy
 + Level 3.9(1.3) Translocations
 + Level 3.9(1.3) Transmutations
 + Level 3.9(1.3) Fire Magic
 + Level 3.9(1.3) Ice Magic
 + Level 3.9(1.3) Air Magic
 + Level 3.9(1.3) Earth Magic
 + Level 3.9(1.3) Poison Magic
 + Level 7.0(4.2) Invocations
 + Level 4.7(2.0) Evocations


You had 17 spell levels left.
You didn't know any spells.
Your spell library was empty.

Dungeon Overview and Level Annotations

Branches:
Dungeon (7/15)             Temple (0/1) D:6

Altars:
Cheibriados
Dithmenos
Elyvilon
Gozag
Nemelex Xobeh
Okawaru
Ru
Wu Jian

Shops:
D:5 [

Annotations:
D:7 Harold
Abyss:1 Dowan, Duvessa


Innate Abilities, Weirdness & Mutations

Your experience applies equally to all skills.
You have very sharp teeth.
Your uncanny sense of smell can sniff out nearby items.


Message History

Press: ? - help, Shift-Dir - straight line, f - Harold
Aim: Harold, wielding a +2 mace of draining and wearing a +0 ring mail (heavily wounded, chance to defeat MR: 51%)
You fail to use your ability.
Harold hits you with a +2 mace of draining!
* * * LOW HITPOINT WARNING * * *
You partially resist.
You feel drained.
* * * LOW HITPOINT WARNING * * *
Press: ? - help, Shift-Dir - straight line, f/p - Harold
Aim: Harold, wielding a +2 mace of draining and wearing a +0 ring mail (heavily wounded, chance to defeat MR: 51%)
You fail to use your ability.
Press: ? - help, Shift-Dir - straight line, f/p - Harold
Aim: Harold, wielding a +2 mace of draining and wearing a +0 ring mail (heavily wounded, chance to defeat MR: 51%) Harold resists with significant effort.
Harold points at you and mumbles some strange words.
The mark upon you grows brighter.
Press: ? - help, Shift-Dir - straight line, f/p - Harold
Aim: Harold, wielding a +2 mace of draining and wearing a +0 ring mail (heavily wounded, chance to defeat MR: 51%)
You fail to use your ability.
Harold hits you with a +2 mace of draining!
You die...

#...#.#####...)#
####.###.##....#)#######
.....^..........).......
###..###....#.##(#######
##..## #...#. #(# ..(##
#.#.. #.# .## #. #.# # #
#.#### #@...# #@#### #F#
... ###


You could see Harold and a bullfrog.

Vanquished Creatures
  2 ice beasts (D:6)
  A black bear (D:6)
  A sky beast (D:2)
  A phantom (D:4)
  3 ogres
  A centaur (D:5)
  A big kobold (D:6)
  3 bullfrogs
  A wight (D:6)
  3 bullfrog zombies
  3 hounds
  2 bullfrog skeletons (D:4)
  A centaur zombie (D:6)
  3 orc priests
  6 orc wizards
  2 iguanas (D:4)
  7 worker ants
  A hound zombie (D:4)
  2 hound skeletons (D:6)
  11 adders
  6 gnolls
  A howler monkey skeleton (D:5)
  A shadow imp (D:5)
  A white imp (D:6)
  An ufetubus (D:6)
  An adder zombie (D:5)
  2 adder skeletons
  2 worms
  The ghost of iamserjio the Sneak, a weakling OpDe (D:6)
  2 dart slugs
  5 leopard geckos
  25 orcs
  12 bats
  5 giant cockroaches
  6 goblins
  2 hobgoblins
  4 jackals (D:6)
  6 quokkas
  6 frilled lizards
  2 jackal zombies
  11 kobolds
  2 leopard gecko zombies
  4 rats
163 creatures vanquished.

Vanquished Creatures (others)
  An orc warrior (D:6)
  A gnoll (D:3)
2 creatures vanquished.

Grand Total: 165 creatures vanquished

Notes
Turn   | Place    | Note
-------+----------+-------------------------------------------
     0 | Abyss:1  | Gargoyl the Gnoll Abyssal Knight began the quest for the
                  | Orb.
     0 | Abyss:1  | Reached XP level 1. HP: 23/23 MP: 3/3
    60 | Abyss:1  | Noticed a large abomination
    66 | Abyss:1  | Found a viscous altar of Jiyva.
    80 | D:1      | Escaped the Abyss
   254 | D:1      | Reached * piety under Lugonu
   303 | D:1      | Reached XP level 2. HP: 26/29 MP: 5/5
  1086 | D:2      | Found a sacrificial altar of Ru.
  1413 | D:2      | Reached XP level 3. HP: 35/35 MP: 6/6
  1591 | D:2      | Noticed an ogre
  1784 | D:2      | Noticed a sky beast
  1804 | D:2      | HP: 1/35 [sky beast (6)]
  1805 | D:2      | Killed a sky beast
  1805 | D:2      | Reached skill level 1 in Short Blades
  1805 | D:2      | Reached skill level 1 in Long Blades
  1805 | D:2      | Reached skill level 1 in Maces & Flails
  1805 | D:2      | Reached skill level 1 in Polearms
  1805 | D:2      | Reached skill level 1 in Staves
  1805 | D:2      | Reached skill level 1 in Slings
  1805 | D:2      | Reached skill level 1 in Bows
  1805 | D:2      | Reached skill level 1 in Crossbows
  1805 | D:2      | Reached skill level 1 in Throwing
  1805 | D:2      | Reached skill level 1 in Stealth
  1805 | D:2      | Reached skill level 1 in Shields
  1805 | D:2      | Reached skill level 1 in Unarmed Combat
  1805 | D:2      | Reached skill level 1 in Spellcasting
  1805 | D:2      | Reached skill level 1 in Conjurations
  1805 | D:2      | Reached skill level 1 in Hexes
  1805 | D:2      | Reached skill level 1 in Summonings
  1805 | D:2      | Reached skill level 1 in Necromancy
  1805 | D:2      | Reached skill level 1 in Translocations
  1805 | D:2      | Reached skill level 1 in Transmutations
  1805 | D:2      | Reached skill level 1 in Fire Magic
  1805 | D:2      | Reached skill level 1 in Ice Magic
  1805 | D:2      | Reached skill level 1 in Air Magic
  1805 | D:2      | Reached skill level 1 in Earth Magic
  1805 | D:2      | Reached skill level 1 in Poison Magic
  1805 | D:2      | Reached skill level 1 in Evocations
  1805 | D:2      | Reached XP level 4. HP: 1/41 MP: 7/7
  1805 | D:2      | Reached XP level 5. HP: 1/47 MP: 8/8
  2427 | D:2      | Killed an ogre
  2595 | D:3      | Reached skill level 5 in Invocations
  2597 | D:3      | Found an iron altar of Okawaru.
  2683 | D:3      | Reached XP level 6. HP: 39/53 MP: 9/9
  3076 | D:3      | Reached ** piety under Lugonu
  3080 | D:3      | Reached skill level 5 in Axes
  3080 | D:3      | Reached skill level 5 in Armour
  3314 | D:3      | Found a sparkling altar of Nemelex Xobeh.
  3354 | D:3      | Found an ornate altar of the Wu Jian Council.
  3363 | D:3      | Found a snail-covered altar of Cheibriados.
  3763 | D:4      | Reached XP level 7. HP: 26/59 MP: 10/10
  3774 | D:4      | Reached skill level 7 in Fighting
  4941 | D:5      | Entered Level 5 of the Dungeon
  4950 | D:5      | Found Xiefen's Antique Armour Boutique.
  5256 | D:5      | Reached XP level 8. HP: 56/67 MP: 12/12
  5925 | D:5      | Found a shadowy altar of Dithmenos.
  6220 | D:5      | Found a white marble altar of Elyvilon.
  6436 | D:6      | Reached *** piety under Lugonu
  6529 | D:6      | Found a transporter.
  6644 | D:6      | Found a staircase to the Ecumenical Temple.
  6644 | D:6      | Noticed Duvessa
  6646 | D:6      | Noticed Dowan
  6656 | D:6      | Banished Duvessa
  6657 | D:6      | Banished Dowan
  6947 | D:6      | Reached skill level 5 in Dodging
  7242 | D:6      | Reached XP level 9. HP: 27/72 MP: 14/14
  7461 | D:6      | Found an opulent altar of Gozag.
  7691 | D:6      | Found a transporter.
  7692 | D:6      | Noticed iamserjio's ghost (weakling OpDe)
  8409 | D:6      | Killed iamserjio's ghost
  9096 | D:7      | Noticed a two-headed ogre
  9099 | D:7      | Banished a two-headed ogre
  9099 | D:7      | Reached skill level 8 in Fighting
  9206 | D:7      | Noticed Harold
  9244 | D:7      | Slain by Harold

Illustrated notes

Levels and vault maps discovered:
D:1:      psy_arrival_terrarium, layout_basic
D:2:      minmay_alternating_diamond, layout_basic, hangedman_ru_absence
D:3:      layout_basic, amethyst_overflow_temple_binary, marbit_many_paths,
          minmay_misc_feat_secret_circle, kennysheep_nondescript,
          okawaru_metal_pillars_3
D:4:      layout_loops_ring, minivault_4, minmay_manual_monolith
D:5:      layout_cave_pools, old_standard_altar, grunt_dithmenos_smoke,
          serial_shops, shop, kennysheep_generic_room_7
D:6:      layout_loops_corners, nicolae_overflow_crystal_walls,
          minmay_temple_entry_ruins, gammafunk_ghost_mausoleum, uniq_duvessa
D:7:      layout_rooms, grunt_temple_overflow_growth_and_decay, uniq_harold,
          uniq_crazy_yiuf_cottage

Skill      XL: |  1  2  3  4  5  6  7  8  9 |
---------------+----------------------------+-----
Short Blades   | 1 2 3 4 |  4.7
Long Blades    | 1 2 3 4 |  4.7
Maces & Flails | 1 2 3 4 |  4.7
Polearms       | 1 2 3 4 |  4.7
Staves         | 1 2 3 4 |  4.7
Slings         | 1 2 3 4 |  4.7
Bows           | 1 2 3 4 |  4.7
Crossbows      | 1 2 3 4 |  4.7
Throwing       | 1 2 3 4 |  4.7
Stealth        | 1 2 3 4 |  4.7
Shields        | 1 2 3 4 |  4.7
Unarmed Combat | 1 2 3 4 |  4.7
Spellcasting   | 1 2 3 4 |  4.7
Conjurations   | 1 2 3 |  3.9
Hexes          | 1 2 3 |  3.9
Summonings     | 1 2 3 |  3.9
Necromancy     | 1 2 3 |  3.9
Translocations | 1 2 3 |  3.9
Transmutations | 1 2 3 |  3.9
Fire Magic     | 1 2 3 |  3.9
Ice Magic      | 1 2 3 |  3.9
Air Magic      | 1 2 3 |  3.9
Earth Magic    | 1 2 3 |  3.9
Poison Magic   | 1 2 3 |  3.9
Evocations     | 1 2 3 4 |  4.7
Dodging        | 3 4 5 6 |  6.7
Invocations    | 5 6 7 |  7.0
Axes           | 5 6 |  6.6
Armour         | 5 6 |  6.6
Fighting       | 7 8 |  8.1

Action                   |  1- 3 |  4- 6 |  7- 9 || total
-------------------------+-------+-------+-------++-------
Melee: Hand axe          |    52 |   121 |   526 ||   699
       Bite              |     3 |    14 |    69 ||    86
Invok: Depart the Abyss  |     1 |       |       ||     1
       Banish            |       |       |     6 ||     6
  Use: Scroll            |     5 |     4 |     9 ||    18
       Potion            |     5 |     1 |     5 ||    11
 Stab: Sleeping          |     2 |     1 |     6 ||     9
       Invisible         |       |     4 |       ||     4
Armor: Leather armour    |    25 |     2 |       ||    27
       Ring mail         |       |    48 |    23 ||    71
       Robe              |       |       |    13 ||    13
       Chain mail        |       |       |    85 ||    85
Dodge: Dodged            |    39 |    93 |   279 ||   411
       Repelled          |       |       |     1 ||     1
Block: Buckler           |     8 |    35 |   102 ||   145

Table legend: (Time is in decaauts)
 A = Elapsed time spent in this place.
 B = Non-inter-level travel time spent in this place.
 C = Inter-level travel time spent in this place.
 D = Time resting spent in this place.
 E = Time spent auto-exploring this place.
 F = Levels seen in this place.
 G = Mean time per level.
                   A        B        C        D        E       F      G
               +--------+--------+--------+--------+--------+-----+--------+
         Total |   9288 |   9025 |    263 |   2925 |   4268 |   8 | 1161.0 |
       Dungeon |   9208 |   8945 |    263 |   2925 |   4211 |   7 | 1315.4 |
         Abyss |     80 |     80 |      0 |      0 |     57 |   1 |   80.0 |
               +--------+--------+--------+--------+--------+-----+--------+

Top non-repeatable levels by time:
     D:6: 2433 daAuts
     D:5: 1473 daAuts
     D:2: 1425 daAuts
     D:4: 1422 daAuts
     D:3: 1023 daAuts
     D:1: 1019 daAuts
     D:7: 409 daAuts
 Abyss:1: 80 daAuts
